 Dungeon Crawl Stone Soup version 0.26-a0-665-gefeb406119 (webtiles) character file.

Game seed: 6049484116830991833

439662 robertstho the Slayer (level 25, -5/200 HPs)
             Began as a Halfling Hunter on Oct 14, 2020.
             Was a High Priest of Okawaru.
             Killed from afar by a frost giant (15 damage)
             ... with a bolt of cold
             ... on level 4 of the Vaults on Oct 15, 2020.
             The game lasted 02:31:18 (58282 turns).

robertstho the Slayer (Halfling Hunter)            Turns: 58282, Time: 02:31:18

Health: -5/200     AC: 30    Str: 20    XL:     25   Next: 26%
Magic:  33/34      EV: 19    Int:  9    God:    Okawaru [*****.]
Gold:   1170       SH: 24    Dex: 19    Spells: 24/24 levels left

rFire    + . .     SeeInvis +   F - +6 hunting sling of Dividends {flame, rElec MR+++ Dex-4}
rCold    . . .     Faith    .   i - +5 kite shield of Focus {rElec rPois MR- rCorr}
rNeg     . . .     Spirit   .   S - +3 plate armour "Nabbyex" {rElec rCorr Dex-4}
rPois    +         Reflect  +   G - +2 helmet {SInv}
rElec    +         Harm     .   q - scarf {repulsion}
rCorr    +         Rampage  .   v - +0 pair of fencer's gloves {Riposte Dex+3}
MR       +++..                  (no boots)
Stlth    ..........             a - amulet of reflection
HPRegen  0.43/turn              I - +4 ring of protection
MPRegen  0.24/turn              l - ring of Faixid {rElec rPois rF+ Dex+4}

@: heroism, heavily drained, repel missiles
A: small, mutation resistance 1
}: 2/15 runes: serpentine, barnacled
a: Heroism, Finesse, Renounce Religion


You were on level 4 of the Vaults.
You worshipped Okawaru.
Okawaru was extremely pleased with you.
You visited 8 branches of the dungeon, and saw 39 of its levels.
You also visited: Volcano, Wizlab and Desolation.

You collected 4111 gold pieces.
You spent 2941 gold pieces at shops.

Inventory:

Hand Weapons
 m - the +5 spear "Pusowucu" {holy, *Slow rF+ Str+4}
   (You found it on level 2 of the Shoals)

   It has been blessed by the Shining One to cause great damage to the undead
   and demons.
   It affects your strength (+4).
   It protects you from fire.
   It may slow you when you take damage.
 F - the +6 hunting sling of Dividends (weapon) {flame, rElec MR+++ Dex-4}
   (Okawaru gifted it to you on level 4 of the Shoals)

   It causes projectiles fired from it to burn those they strike, causing extra
   injury to most foes and up to half again as much damage against particularly
   susceptible opponents.
   It affects your dexterity (-4).
   It insulates you from electricity.
   It affects your resistance to hostile enchantments.
Missiles
 g - 451 stones (quivered)
Armour
 i - the +5 kite shield of Focus (worn) {rElec rPois MR- rCorr}
   (You took it off a deep elf knight on level 1 of the Elven Halls)

   It insulates you from electricity.
   It protects you from poison.
   It affects your resistance to hostile enchantments.
   It provides partial protection from all sources of acid and corrosion.
 q - a scarf of repulsion (worn)
 t - a +2 ring mail of cold resistance
 v - the +0 pair of fencer's gloves (worn) {Riposte Dex+3}
   (You found it on level 3 of the Elven Halls)

   It affects your dexterity (+3).
 G - a +2 helmet of see invisible (worn)
 S - the +3 plate armour "Nabbyex" (worn) {rElec rCorr Dex-4}
   (You found it in the Desolation of Salt)

   It affects your dexterity (-4).
   It insulates you from electricity.
   It provides partial protection from all sources of acid and corrosion.
 Y - a +2 scale mail of fire resistance
Jewellery
 a - an amulet of reflection (around neck)
 h - an uncursed amulet of regeneration
 l - the ring of Faixid (right hand) {rElec rPois rF+ Dex+4}
   (You bought it in a shop on level 9 of the Dungeon)

   [ring of protection from fire]

   It affects your dexterity (+4).
   It protects you from fire.
   It insulates you from electricity.
   It protects you from poison.
 p - the ring of Umoukoroo {rF+ MR+ Stlth+}
   (You found it on level 4 of the Vaults)

   [ring of stealth]

   It protects you from fire.
   It affects your resistance to hostile enchantments.
   It makes you more stealthy.
 x - an uncursed ring of protection from magic
 y - an uncursed ring of positive energy
 E - the ring "Iruev" {rCorr Slay+3}
   (You found it on level 3 of the Elven Halls)

   [ring of resist corrosion]

   It affects your accuracy and damage with ranged weapons and melee attacks
   (+3).
   It provides partial protection from all sources of acid and corrosion.
 I - a +4 ring of protection (left hand)
 U - an uncursed ring of protection from cold
 V - an uncursed ring of protection from cold
Wands
 c - a wand of digging (11)
 L - a wand of iceblast (14)
 M - a wand of disintegration (37)
Scrolls
 n - 3 scrolls of blinking
 o - 3 scrolls of holy word
 r - a scroll of summoning
 s - 21 scrolls of remove curse
 w - 4 scrolls of magic mapping
 A - 3 scrolls of fear
 C - 5 scrolls of fog
 J - 12 scrolls of teleportation
 K - 5 scrolls of identify
 P - 2 scrolls of silence
 R - 4 scrolls of enchant armour
 Z - 7 scrolls of enchant weapon
Potions
 b - 2 potions of curing
 e - 13 potions of flight
 f - 4 potions of stabbing
 j - 5 potions of mutation
 u - 7 potions of magic
 z - a potion of haste
 B - 2 potions of resistance
 D - 4 potions of ambrosia
 H - 2 potions of cancellation
 N - 4 potions of berserk rage
 O - 4 potions of might
Miscellaneous
 W - a phantom mirror
 X - a phantom mirror


   Skills:
 * Level 24.1(24.4) Fighting
 + Level 1.5(5.3) Polearms
   Level 1.5(5.2) Staves
 - Level 22.0(24.4) Slings
 * Level 14.8(17.6) Armour
 * Level 13.8(16.6) Dodging
 + Level 4.6(7.9) Stealth
 + Level 10.7(13.7) Shields
 * Level 14.7(12.7) Invocations
 + Level 1.9(0.5) Evocations


You had 24 spell levels left.
You didn't know any spells.
Your spell library contained the following spells:

 Spells                   Type           Power        Failure   Level
 Animate Skeleton         Necr           #.....       100%        1
 Apportation              Tloc           #.....       100%        1
 Corona                   Hex            #......      100%        1
 Foxfire                  Conj/Fire      #...         100%        1
 Magic Dart               Conj           #...         100%        1
 Pain                     Necr           #...         100%        1
 Sandblast                Erth           #.....       100%        1
 Shock                    Conj/Air       #...         100%        1
 Summon Small Mammal      Summ           #...         100%        1
 Blink                    Tloc           N/A          100%        2
 Call Imp                 Summ           #.......     100%        2
 Corpse Rot               Necr/Air       N/A          100%        2
 Passwall                 Tmut/Erth      #.......     100%        2
 Searing Ray              Conj           #.....       100%        2
 Slow                     Hex            #.......     100%        2
 Sublimation of Blood     Necr           #.........   100%        2
 Swiftness                Air            #.......     100%        2
 Call Canine Familiar     Summ           #.......     100%        3
 Confusing Touch          Hex            #.......     100%        3
 Conjure Flame            Conj/Fire      #.......     100%        3
 Dazzling Flash           Conj/Hex       #.....       100%        3
 Gell's Gravitas          Tloc           #.........   100%        3
 Ignite Poison            Fire/Tmut/Pois #.......     100%        3
 Inner Flame              Hex/Fire       #.......     100%        3
 Mephitic Cloud           Conj/Pois/Air  #.......     100%        3
 Portal Projectile        Hex/Tloc       #.....       100%        3
 Static Discharge         Conj/Air       #.......     100%        3
 Stone Arrow              Conj/Erth      #.....       100%        3
 Summon Guardian Golem    Hex/Summ       #.......     100%        3
 Vampiric Draining        Necr           #.........   100%        3
 Airstrike                Air            #.........   100%        4
 Animate Dead             Necr           #.........   100%        4
 Cause Fear               Hex            #.........   100%        4
 Dispel Undead            Necr           #.......     100%        4
 Fulminant Prism          Conj/Hex       #.........   100%        4
 Iskenderun's Mystic Bla  Conj/Tloc      #.......     100%        4
 Leda's Liquefaction      Hex/Erth       #.........   100%        4
 Petrify                  Tmut/Erth      #.......     100%        4
 Summon Ice Beast         Ice/Summ       #.......     100%        4
 Summon Lightning Spire   Summ/Air       #.......     100%        4
 Agony                    Necr           #.......     100%        5
 Bolt of Magma            Conj/Fire/Erth #.........   100%        5
 Excruciating Wounds      Necr           #.........   100%        5
 Fireball                 Conj/Fire      #.........   100%        5
 Lee's Rapid Deconstruct  Erth           #.........   100%        5
 Lightning Bolt           Conj/Air       #.........   100%        5
 Metabolic Englaciation   Hex/Ice        #.........   100%        5
 Yara's Violent Unravell  Hex/Tmut       #.........   100%        5
 Freezing Cloud           Conj/Ice/Air   #.........   100%        6
 Invisibility             Hex            #.......     100%        6
 Shadow Creatures         Summ           N/A          100%        6
 Starburst                Conj/Fire      #.........   100%        6
 Statue Form              Tmut/Erth      #........    100%        6
 Malign Gateway           Summ/Tloc      #.........   100%        7
 Monstrous Menagerie      Summ           #.........   100%        7
 Spellforged Servitor     Conj/Summ      #.........   100%        7
 Summon Greater Demon     Summ           #.........   100%        7
 Ignition                 Fire           #.........   100%        8
 Summon Horrible Things   Summ           #.........   100%        8


Dungeon Overview and Level Annotations

Branches:
Dungeon (15/15)            Temple (1/1) D:6            Lair (6/6) D:9
 Shoals (4/4) Lair:2        Snake (4/4) Lair:4        Slime (0/5) Lair:6
    Orc (2/2) D:12            Elf (3/3) Orc:2        Vaults (5/5) D:14
 Depths (0/5) D:15        Volcano (visited)          WizLab (visited)
Desolation (visited)
  Crypt: Vaults:2-3

Altars:
Ashenzari
Cheibriados
Dithmenos
Elyvilon
Fedhas
Gozag
Hepliaklqana
Kikubaaqudgha
Makhleb
Nemelex Xobeh
Okawaru
Qazlal
Ru
Sif Muna
Trog
Uskayaw
Vehumet
Wu Jian
Xom
Yredelemnul
Zin
The Shining One
Beogh

Shops:
D:5 (   D:9 =   D:10 *   D:14 ?   Orc:2 *([:   Elf:1 }}=   Shoals:3 *
Snake:1 =(*   Snake:4 *   Vaults:2 *

Portals:
Abyss: Elf:3

Annotations:
D:5 flaming hand axe, 618 sling
D:9 680 ring rpois relec
D:12 Kirke
Elf:1 6 runed translucent doors
Elf:3 2 transporters, robertstho's ghost, adept GnIE


Innate Abilities, Weirdness & Mutations

You are small and have problems with some larger weapons.
You are somewhat resistant to further mutation.


Message History

You shoot a stone.
The stone barely misses the frost giant.
The frost giant casts a spell at you. The bolt of cold hits you!!!
* * * LOW HITPOINT WARNING * * *
Firing (i - inventory)
g - 453 stones (quivered)
Press: ? - help, Shift-Dir - straight line, f/p - frost giant
Aim: a frost giant, wielding a +2 battleaxe of freezing (heavily wounded, spells empowered)
You shoot a stone. The stone hits the frost giant!
The stone burns the frost giant.
The frost giant is severely wounded.
Firing (i - inventory)
g - 452 stones (quivered)
Press: ? - help, Shift-Dir - straight line, f/p - frost giant
Aim: a frost giant, wielding a +2 battleaxe of freezing (severely wounded, spells empowered)
You shoot a stone. The stone hits the frost giant.
The stone burns the frost giant.
The frost giant is severely wounded.
The frost giant points at you and mumbles some strange words.
The bolt of cold hits you!
You die...

.#.........'....<.###.<.)..'.....
.'.........#####..# #..########..
.#.........# #).# #..# ##..#
.#.........# #..# #..# #..##
.#.........# #[[# #..# ####
##.........######[# ####
#........[[......#
######'#####[..)))# ........#
#...[@[# ........# #...()C#
........# #......# ........#
#......# ........# #......#
........# ######## #########


You could see a frost giant (empowered).

Vanquished Creatures
  Rupert (D:15)
  A Brimstone Fiend (WizLab)
  A tentacled monstrosity (Vaults:5)
  2 deep elf master archers (Elf:3)
  2 deep elf blademasters
  3 sphinxes (Vaults:4)
  Polyphemus (Shoals:2)
  Gastronok (Lair:3)
  Agnes (D:15)
  A kraken (Shoals:4)
  A shadow dragon (Vaults:4)
  Ilsuiw (Shoals:2)
  2 tengu reavers (Vaults:4)
  Roxanne (D:15)
  18 nagarajas
  5 fire giants
  An azure jelly (shapeshifter) (Vaults:4)
  3 deep elf sorcerers
  3 orc warlords
  Aizul (Snake:4)
  7 vault wardens
  2 imperial myrmidons (Desolation)
  2 large abominations
  2 frost giants (Vaults:4)
  5 deep elf elementalists
  A reaper (WizLab)
  A war gargoyle (Vaults:4)
  5 stone giants
  9 ironheart preservers
  4 very ugly things (Vaults:2)
  An entropy weaver (Vaults:4)
  7 deep elf demonologists
  2 halazid warlocks (Desolation)
  5 dire elephants (Lair:6)
  8 deep elf annihilators (Elf:3)
  5 deep elf death magi (Elf:3)
  2 ettins (Vaults:4)
  3 merfolk javelineers (Shoals:4)
  2 crystal guardians (Desolation)
  Snorg (Lair:5)
  A green death (WizLab)
  9 merfolk impalers
  5 ragged hierophants (Desolation)
  7 deep elf high priests
  2 fire dragons
  6 servants of whispers (Desolation)
  5 peacekeepers (Desolation)
  3 ice dragons
  5 yaktaur captains
  8 hydras
  18 naga warriors
  6 boulder beetles
  5 merfolk avatars
  A catoblepas (Shoals:2)
  30 vault guards
  9 merfolk aquamancers
  4 alligator snapping turtles
  24 two-headed ogres
  12 centaur warriors
  24 dancing weapons
  5 anacondas
  2 death knights
  A deep troll earth mage (Vaults:1)
  A hell hog (Volcano)
  6 ogre magi
  27 naga sharpshooters
  2 deep troll shamans (Vaults:1)
  6 death yaks
  3 orc high priests
  A satyr (Shoals:3)
  A shock serpent (shapeshifter) (Elf:2)
  A hell knight (Vaults:4)
  24 deep elf knights
  A sun demon (WizLab)
  3 shock serpents
  3 skeletal warriors
  2 salamander mystics
  2 deep trolls (Vaults:1)
  10 sea snakes
  An unseen horror (D:13)
  8 deep elf archers
  A sea snake (shapeshifter) (Vaults:1)
  2 wizards
  8 naga ritualists
  Pikel (D:5)
  15 orc knights
  18 ironbrand convokers
  5 phantasmal warriors
  11 harpies
  4 orc sorcerers
  4 fauns (Shoals:3)
  8 mana vipers
  18 ugly things
  60 deep elf magi
  6 wolf spiders
  10 cyclopes
  12 manticores
  5 salamanders
  3 water nymphs
  12 vault sentinels
  8 merfolk sirens
  A black mamba (shapeshifter) (Vaults:1)
  13 elephants
  30 black mambas
  2 molten gargoyles (Desolation)
  21 naga magi
  A torpor snail (shapeshifter) (Elf:1)
  2 gargoyles
  A torpor snail (Lair:3)
  10 guardian serpents
  13 cane toads
  3 rime drakes
  A hellion (WizLab)
  27 yaktaurs
  A kobold demonologist (D:14)
  3 freezing wraiths
  9 komodo dragons
  An ice devil (WizLab)
  4 small abominations
  3 efreet
  A harpy zombie (D:15)
  23 merfolk
  6 wind drakes
  2 meliai (shapeshifter)
  A hornet (Vaults:4)
  6 trolls
  A jumping spider (Vaults:4)
  A harpy skeleton (D:15)
  52 saltlings
  A raiju (shapeshifter) (D:13)
  7 dream sheep
  Grinder (D:6)
  4 snapping turtles
  37 blink frogs
  12 slime creatures
  3 air elementals
  2 vampires
  3 basilisks
  10 wyverns
  14 water elementals
  45 yaks
  4 wraiths
  A shadow (D:15)
  Grum (D:11)
  9 fire bats
  6 fire elementals
  2 hogs (D:12)
  3 chaos spawn
  5 humans (D:6)
  Menkaure (D:4)
  2 steam dragons (Volcano)
  2 wargs (Orc:1)
  3 acid dragons
  66 nagas
  3 soldier ants
  A hell hound (Volcano)
  16 water moccasins
  A sky beast (shapeshifter) (Vaults:4)
  A black bear (D:11)
  45 orc warriors
  An eye of draining (D:12)
  3 ice beasts
  2 sky beasts
  A phantom (D:9)
  2 necrophages
  23 ogres
  3 boggarts (Vaults:2)
  38 wolves
  19 centaurs
  3 lemures (D:5)
  8 big kobolds
  21 bullfrogs
  A big kobold (shapeshifter) (Vaults:5)
  A bullfrog (shapeshifter) (Elf:3)
  3 wyvern skeletons (D:14)
  2 scorpions
  15 killer bees
  5 howler monkeys
  11 wights
  An electric eel (Lair:4)
  8 centaur zombies
  2 bullfrog zombies
  A quasit (D:10)
  19 jellies
  6 centaur skeletons
  6 hounds
  25 orc priests
  3 bullfrog skeletons
  22 orc wizards
  3 iron imps (D:8)
  3 hell rats (D:9)
  9 iguanas
  13 worker ants
  A killer bee zombie (D:7)
  2 hound zombies (D:8)
  A hound skeleton (D:11)
  A howler monkey zombie (D:6)
  3 worker ant zombies
  11 gnolls
  12 adders
  A river rat (D:9)
  2 white imps
  2 ufetubi
  An adder skeleton (D:8)
  2 adder zombies
  A worm (D:2)
  4 dart slugs
  12 leopard geckos
  71 orcs
  A giant cockroach (D:1)
  7 goblins
  5 hobgoblins
  5 jackals
  27 kobolds
  13 quokkas
  4 ball pythons
  5 bats
  4 frilled lizards
  A jackal zombie (D:7)
  12 rats
  4 crawling corpses
  3 tentacles (Shoals:4)
1680 creatures vanquished.

Vanquished Creatures (collateral kills)
  Urug (Orc:2)
1 creature vanquished.

Vanquished Creatures (others)
  A ragged hierophant (Desolation)
  A peacekeeper (Desolation)
  An ogre mage (Vaults:4)
  A deep elf knight (D:14)
  A deep elf mage (Elf:3)
  A naga (Snake:4)
  An ogre (Vaults:4)
  An orc priest (Orc:2)
  A bush (Shoals:2)
  A crawling corpse (Vaults:5)
  34 fungi
  96 plants
  6 tentacles (Shoals:4)
146 creatures vanquished.

Grand Total: 1827 creatures vanquished

Notes
Turn   | Place    | Note
-------+----------+-------------------------------------------
     0 | D:1      | robertstho the Halfling Hunter began the quest for the Orb.
     0 | D:1      | Reached XP level 1. HP: 14/14 MP: 1/1
    44 | D:1      | Reached XP level 2. HP: 19/19 MP: 2/2
   234 | D:1      | Reached XP level 3. HP: 24/24 MP: 3/3
   387 | D:1      | Reached skill level 2 in Fighting
   860 | D:2      | Reached XP level 4. HP: 29/29 MP: 4/4
  1018 | D:2      | Reached XP level 5. HP: 33/34 MP: 5/5
  1154 | D:2      | Found a sacrificial altar of Ru.
  1388 | D:3      | Found a shimmering blue altar of Sif Muna.
  1683 | D:4      | Noticed Menkaure
  1691 | D:4      | Killed Menkaure
  1691 | D:4      | Reached XP level 6. HP: 23/41 MP: 6/6
  1880 | D:4      | Reached skill level 10 in Slings
  1886 | D:4      | Reached skill level 3 in Fighting
  1962 | D:4      | Found a sparkling altar of Nemelex Xobeh.
  2110 | D:4      | Found a bloodstained altar of Trog.
  2399 | D:5      | Entered Level 5 of the Dungeon
  2406 | D:5      | Reached XP level 7. HP: 42/46 MP: 7/7
  2671 | D:5      | Noticed Pikel
  2711 | D:5      | Killed Pikel
  2711 | D:5      | Reached skill level 4 in Fighting
  2711 | D:5      | Reached XP level 8. HP: 54/54 MP: 8/8
  3124 | D:5      | Found Jacisyi's Weapon Shop.
  3127 | D:5      | Bought 14 sling bullets for 91 gold pieces
  3427 | D:6      | Reached skill level 1 in Armour
  3634 | D:6      | Noticed a human
  3643 | D:6      | Killed a human
  3643 | D:6      | Reached skill level 5 in Fighting
  3652 | D:6      | Noticed a human
  3652 | D:6      | Noticed a human
  3655 | D:6      | Noticed a human
  3668 | D:6      | Killed a human
  3673 | D:6      | Killed a human
  3673 | D:6      | Reached XP level 9. HP: 58/61 MP: 9/9
  3787 | D:6      | Reached skill level 6 in Fighting
  3858 | D:6      | Found a staircase to the Ecumenical Temple.
  3995 | D:6      | Noticed Grinder
  4000 | D:6      | Killed Grinder
  4200 | D:7      | Reached skill level 7 in Fighting
  4200 | D:7      | Reached XP level 10. HP: 68/71 MP: 10/10
  4324 | D:7      | Reached skill level 15 in Slings
  4676 | D:7      | Found a shadowy altar of Dithmenos.
  4686 | D:7      | Found a stormy altar of Qazlal.
  5291 | Temple   | Entered the Ecumenical Temple
  5473 | Temple   | Became a worshipper of Warmaster Okawaru
  5664 | D:8      | Found a burning altar of Makhleb.
  5730 | D:8      | Reached skill level 8 in Fighting
  6154 | D:8      | Noticed a two-headed ogre
  6162 | D:8      | Killed a two-headed ogre
  6162 | D:8      | Reached * piety under Okawaru
  6162 | D:8      | Reached skill level 1 in Invocations
  6599 | D:8      | Reached XP level 11. HP: 78/78 MP: 12/12
  6604 | D:8      | Reached skill level 9 in Fighting
  7107 | D:9      | Reached ** piety under Okawaru
  7126 | D:9      | Noticed a two-headed ogre
  7140 | D:9      | Killed a two-headed ogre
  7302 | D:9      | Found Fomi Pea's Jewellery Shoppe.
  7303 | D:9      | Noticed a two-headed ogre
  7316 | D:9      | Killed a two-headed ogre
  7386 | D:9      | Noticed a death yak
  7394 | D:9      | Noticed a death yak
  7396 | D:9      | Noticed a death yak
  7430 | D:9      | Killed a death yak
  7430 | D:9      | Reached *** piety under Okawaru
  7482 | D:9      | Killed a death yak
  7482 | D:9      | Reached skill level 10 in Fighting
  7503 | D:9      | Killed a death yak
  7561 | D:9      | Found a staircase to the Lair.
  7737 | D:9      | Noticed a brown ugly thing
  7741 | D:9      | Noticed a manticore
  7774 | D:9      | Killed a brown ugly thing
  7781 | D:9      | Killed a manticore
  7794 | D:9      | Received a gift from Okawaru
  7863 | D:9      | Identified the Disquisition on Excruciating Beguiling
  7978 | D:9      | Reached XP level 12. HP: 88/88 MP: 14/14
  8241 | D:10     | Entered Level 10 of the Dungeon
  8304 | D:10     | Reached **** piety under Okawaru
  8307 | D:10     | Found Lofudd's Assorted Antiques.
  9235 | Lair:1   | Entered Level 1 of the Lair of Beasts
  9519 | Lair:1   | Reached skill level 11 in Fighting
  9566 | Lair:1   | Received a gift from Okawaru
  9646 | Lair:1   | Noticed a four-headed hydra
  9665 | Lair:1   | Killed a four-headed hydra
  9803 | Lair:1   | Reached ***** piety under Okawaru
  9830 | Lair:1   | Noticed a four-headed hydra
  9841 | Lair:1   | Killed a four-headed hydra
 10396 | D:11     | Noticed a two-headed ogre
 10406 | D:11     | Killed a two-headed ogre
 10474 | D:11     | Noticed a boulder beetle
 10497 | D:11     | Killed a boulder beetle
 10625 | D:11     | Reached skill level 5 in Invocations
 10914 | D:11     | Noticed a two-headed ogre
 10934 | D:11     | Killed a two-headed ogre
 10934 | D:11     | Received a gift from Okawaru
 10934 | D:11     | Reached XP level 13. HP: 77/96 MP: 16/16
 11067 | D:11     | Noticed Grum
 11235 | D:11     | Killed Grum
 11662 | D:12     | Reached skill level 12 in Fighting
 11665 | D:12     | Received a gift from Okawaru
 11792 | D:12     | Found a staircase to the Orcish Mines.
 12835 | D:12     | Noticed Kirke
 13020 | D:5      | Bought the +6 hunting sling "Efoacziziss" {vorpal, Int+4}
                  | for 618 gold pieces
 13219 | Lair:2   | Received a gift from Okawaru
 13516 | Lair:2   | Found a staircase to the Shoals.
 13606 | Lair:2   | Reached skill level 5 in Dodging
 14003 | Lair:2   | Received a gift from Okawaru
 14158 | Lair:3   | Found a runed translucent door.
 14181 | Lair:3   | Noticed Gastronok
 14201 | Lair:3   | Killed Gastronok
 14277 | Lair:3   | Reached ****** piety under Okawaru
 14277 | Lair:3   | Received a gift from Okawaru
 14517 | Lair:3   | Reached skill level 13 in Fighting
 14903 | Lair:3   | Noticed a five-headed hydra
 14923 | Lair:3   | Killed a five-headed hydra
 14923 | Lair:3   | Received a gift from Okawaru
 15012 | Lair:4   | Reached XP level 14. HP: 89/106 MP: 19/19
 15197 | Lair:4   | Received a gift from Okawaru
 15781 | Lair:4   | Found a staircase to the Snake Pit.
 15792 | Lair:4   | Reached skill level 5 in Armour
 16819 | Lair:5   | Found a dark tunnel.
 16953 | Lair:5   | Reached skill level 14 in Fighting
 17115 | Volcano  | Entered a volcano
 17357 | Volcano  | Received a gift from Okawaru
 17526 | Lair:5   | Noticed Snorg
 17542 | Lair:5   | Killed Snorg
 17674 | Lair:5   | Received a gift from Okawaru
 17772 | Lair:5   | Reached XP level 15. HP: 97/114 MP: 13/21
 18470 | Lair:5   | Got an iridescent hunting sling {god gift}
 18470 | Lair:5   | Identified the +3 hunting sling "Coegh" {flame, MR- Dex+6}
                  | (Okawaru gifted it to you on level 5 of the Lair of Beasts)
 18491 | Lair:6   | Entered Level 6 of the Lair of Beasts
 18849 | Lair:6   | Received a gift from Okawaru
 19048 | Lair:6   | Found a staircase to the Slime Pits.
 19163 | Lair:6   | Received a gift from Okawaru
 19449 | Lair:6   | Received a gift from Okawaru
 20256 | Lair:6   | Reached skill level 15 in Fighting
 20429 | Lair:6   | Received a gift from Okawaru
 20964 | Orc:1    | Entered Level 1 of the Orcish Mines
 21286 | Orc:2    | Entered Level 2 of the Orcish Mines
 21292 | Orc:2    | Noticed an orc warlord
 22302 | D:13     | Received a gift from Okawaru
 22546 | D:14     | Reached XP level 16. HP: 106/122 MP: 22/22
 22550 | D:14     | Received a gift from Okawaru
 22615 | D:14     | Found a gate to the Vaults.
 22745 | D:14     | Received a gift from Okawaru
 22748 | D:14     | Got a masterwork scale mail {god gift}
 22851 | D:13     | Identified the +6 scale mail of Decompression {Regen+}
                  | (Okawaru gifted it to you on level 14 of the Dungeon)
 23105 | D:9      | Bought the ring of Faixid {rElec rPois rF+ Dex+4} for 670
                  | gold pieces
 23218 | D:15     | Entered Level 15 of the Dungeon
 23335 | D:15     | Noticed Rupert
 23350 | D:15     | Killed Rupert
 23350 | D:15     | Reached skill level 1 in Staves
 23533 | D:15     | Identified Roxanne's Collected Works on Earth
 23533 | D:15     | Noticed Roxanne
 23578 | D:15     | Killed Roxanne
 23578 | D:15     | Reached skill level 16 in Fighting
 23626 | D:15     | Found a staircase to the Depths.
 23626 | D:15     | Noticed a fire giant
 23638 | D:15     | Killed a fire giant
 23712 | D:15     | Noticed Agnes
 23760 | D:15     | Killed Agnes
 24157 | D:15     | Found the +7 mace of Variability {chain chaos}
 24171 | D:15     | Received a gift from Okawaru
 24192 | D:15     | Received a gift from Okawaru
 24227 | D:15     | Found a shimmering altar of Xom.
 24416 | D:15     | Received a gift from Okawaru
 25373 | Orc:2    | Received a gift from Okawaru
 25406 | Orc:2    | Noticed Urug
 25416 | Orc:2    | Killed Urug
 25416 | Orc:2    | Reached XP level 17. HP: 84/131 MP: 24/24
 25474 | Orc:2    | Found a staircase to the Elven Halls.
 25540 | Orc:2    | Reached skill level 17 in Fighting
 25541 | Orc:2    | Found a roughly hewn altar of Beogh.
 25611 | Orc:2    | Found Utoaq's Book Emporium.
 25695 | Orc:2    | Found Ocydwal's Antique Weapon Emporium.
 25706 | Orc:2    | Found Kyanaoj's General Store.
 25721 | Orc:2    | Found Paguigug's Antique Armour Emporium.
 25909 | Orc:2    | Bought a scroll of fear for 42 gold pieces
 25909 | Orc:2    | Bought a scroll of identify for 24 gold pieces
 25909 | Orc:2    | Bought 14 sling bullets for 84 gold pieces
 26346 | Snake:1  | Entered Level 1 of the Snake Pit
 26940 | Snake:1  | Found Ixatab's Assorted Antiques.
 26942 | Snake:1  | Found Wunuit's Weapon Emporium.
 26944 | Snake:1  | Found Kaklytz's Jewellery Shoppe.
 26949 | Snake:1  | Bought a scroll of identify for 82 gold pieces
 26949 | Snake:1  | Bought a scroll of teleportation for 123 gold pieces
 27462 | Snake:2  | Reached skill level 10 in Invocations
 28299 | Snake:3  | Received a gift from Okawaru
 28706 | Snake:3  | Reached skill level 18 in Fighting
 29514 | Snake:3  | Reached XP level 18. HP: 141/142 MP: 25/25
 29685 | Snake:4  | Entered Level 4 of the Snake Pit
 29685 | Snake:4  | Noticed Aizul
 29957 | Snake:4  | Reached skill level 10 in Armour
 30134 | Snake:4  | Found Cauzigym's General Store.
 30337 | Snake:4  | Received a gift from Okawaru
 30338 | Snake:4  | Got a masterwork dagger {god gift}
 30339 | Snake:4  | Identified the +2 dagger of Plog {flame, *Noise +Blink
                  | rElec Str-4} (Okawaru gifted it to you on level 4 of the
                  | Snake Pit)
 30800 | Snake:4  | Killed Aizul
 31367 | Snake:4  | Received a gift from Okawaru
 31367 | Snake:4  | Reached skill level 19 in Fighting
 31913 | Snake:4  | Received a gift from Okawaru
 32453 | Snake:4  | Reached XP level 19. HP: 150/151 MP: 27/27
 33140 | Snake:4  | Reached skill level 20 in Fighting
 33198 | Snake:4  | Got a serpentine rune of Zot
 33446 | D:9      | Bought an uncursed amulet of reflection for 390 gold pieces
 33569 | Shoals:1 | Entered Level 1 of the Shoals
 33699 | Shoals:1 | Received a gift from Okawaru
 35168 | Shoals:2 | Noticed Polyphemus
 35192 | Shoals:2 | Killed Polyphemus
 35349 | Shoals:2 | Reached skill level 10 in Dodging
 35354 | Shoals:2 | Received a gift from Okawaru
 35460 | Shoals:2 | Got a steaming spear
 35460 | Shoals:2 | Identified the +5 spear "Pusowucu" {holy, *Slow rF+ Str+4}
                  | (You found it on level 2 of the Shoals)
 35905 | Shoals:2 | Noticed Ilsuiw
 35964 | Shoals:2 | Killed Ilsuiw
 36484 | Shoals:3 | Reached skill level 1 in Evocations
 37010 | Shoals:3 | Found Zaejarut's Assorted Antiques.
 37283 | Shoals:4 | Entered Level 4 of the Shoals
 37350 | Shoals:4 | Reached skill level 1 in Polearms
 37350 | Shoals:4 | Reached XP level 20. HP: 54/160 MP: 28/28
 37593 | Shoals:4 | Reached XP level 21. HP: 100/165 MP: 29/29
 38759 | Shoals:4 | Found the +12 glaive of Prune {vorpal}
 39052 | Shoals:4 | Reached skill level 21 in Fighting
 39088 | Shoals:4 | Received a gift from Okawaru
 39092 | Shoals:4 | Got a jewelled hunting sling {god gift}
 39093 | Shoals:4 | Identified the +6 hunting sling of Dividends {flame, rElec
                  | MR+++ Dex-4} (Okawaru gifted it to you on level 4 of the
                  | Shoals)
 39495 | Shoals:4 | Got a barnacled rune of Zot
 39725 | Elf:1    | Entered Level 1 of the Elven Halls
 40449 | Elf:1    | Identified the +5 kite shield of Focus {rElec rPois MR-
                  | rCorr}
 40470 | Elf:1    | Noticed a Brimstone Fiend
 40591 | Elf:1    | Received a gift from Okawaru
 40822 | Elf:1    | Found a runed translucent gate.
 40822 | Elf:1    | Found a runed translucent gate.
 40822 | Elf:1    | Found a runed translucent gate.
 40822 | Elf:1    | Found a runed translucent gate.
 40822 | Elf:1    | Found a runed translucent gate.
 40825 | Elf:1    | Found a runed translucent gate.
 40968 | Elf:1    | Found Komotiso's Gadget Shoppe.
 40970 | Elf:1    | Found Igietepp's Jewellery Shop.
 40971 | Elf:1    | Found Odinyuwi's Gadget Shoppe.
 41058 | Elf:1    | Found a radiant altar of Vehumet.
 41697 | Elf:2    | Identified the +10 quarterstaff of Supply {antimagic,
                  | *Contam +Inv Dex+2 SInv}
 41716 | Elf:2    | Received a gift from Okawaru
 41998 | Elf:2    | Received a gift from Okawaru
 42231 | Elf:2    | Identified the Disquisition on the Volcanoes and
                  | Bewitchment
 42245 | Elf:2    | Found a huge runed translucent gate.
 42245 | Elf:2    | Found a huge runed translucent gate.
 42245 | Elf:2    | Found a huge runed translucent gate.
 42255 | Elf:2    | Found a huge runed translucent gate.
 42255 | Elf:2    | Found a huge runed translucent gate.
 42441 | Elf:2    | Reached skill level 1 in Shields
 42615 | Elf:2    | Reached XP level 22. HP: 176/176 MP: 31/31
 43797 | Elf:3    | Entered Level 3 of the Elven Halls
 43864 | Elf:3    | Reached skill level 22 in Fighting
 44030 | Elf:3    | Found a magical portal.
 44036 | WizLab   | Entered Doroklohe's Tomb
 44818 | D:10     | Bought a potion of curing for 90 gold pieces
 44818 | D:10     | Bought a glowing scarf for 240 gold pieces
 44990 | Elf:3    | Noticed a profane servitor
 44990 | Elf:3    | Identified the +3 scimitar of Ankol {distort, *Rage rPois
                  | MR+++ Int+2}
 45023 | Elf:3    | Noticed robertstho's ghost (adept GnIE)
 45070 | Elf:3    | Found a transporter.
 45225 | Elf:3    | Identified the ring "Iruev" {rCorr Slay+3} (You found it on
                  | level 3 of the Elven Halls)
 45425 | Elf:3    | Received a gift from Okawaru
 45689 | Elf:3    | Found the +0 pair of fencer's gloves {Riposte Dex+3}
 45701 | Elf:3    | Identified the Catalogue of Creation
 45709 | Elf:3    | Identified the Incunabulum of the Harmful Birds
 45796 | Elf:3    | Received a gift from Okawaru
 45961 | Elf:3    | Reached skill level 5 in Shields
 46319 | Elf:3    | Found a one-way gate to the infinite horrors of the Abyss.
 46319 | Elf:3    | Found a transporter.
 46817 | Vaults:1 | Entered Level 1 of the Vaults
 47134 | D:14     | Reached XP level 23. HP: 184/184 MP: 32/32
 47382 | D:14     | Found Zas Roob's Magic Scroll Shop.
 47394 | D:14     | Bought a scroll of blinking for 112 gold pieces
 47394 | D:14     | Bought a scroll of teleportation for 45 gold pieces
 47394 | D:14     | Bought 3 scrolls of identify for 90 gold pieces
 47394 | D:14     | Bought a scroll of identify for 30 gold pieces
 47394 | D:14     | Bought a scroll of teleportation for 45 gold pieces
 47394 | D:14     | Bought a scroll of teleportation for 45 gold pieces
 47394 | D:14     | Bought a scroll of identify for 30 gold pieces
 48021 | Vaults:1 | Received a gift from Okawaru
 48299 | Vaults:1 | Received a gift from Okawaru
 48751 | Vaults:1 | Received a gift from Okawaru
 49479 | Vaults:2 | Received a gift from Okawaru
 49771 | Vaults:2 | Reached skill level 23 in Fighting
 49902 | Vaults:2 | Found Eriug's General Store.
 49907 | Vaults:2 | Bought a potion of curing for 54 gold pieces
 49907 | Vaults:2 | Bought a scroll of identify for 36 gold pieces
 51026 | Vaults:2 | You fall into a shaft and drop 2 floors!
 51266 | Vaults:4 | Reached XP level 24. HP: 87/192 MP: 30/33
 51401 | Vaults:4 | Found a ruined gateway.
 51405 | Desolati | Entered the Desolation of Salt
 51561 | Desolati | Received a gift from Okawaru
 51601 | Desolati | Identified the +7 hand axe of Gluttony {vorpal, rElec rF-
                  | Int+3} (You found it in the Desolation of Salt)
 51659 | Desolati | Identified the +1 chain mail of the Northern Lights
                  | {Stlth+} (You found it in the Desolation of Salt)
 51733 | Desolati | Received a gift from Okawaru
 52567 | Desolati | Received a gift from Okawaru
 52846 | Desolati | Identified the Catalogue of Torrid Creation
 52895 | Desolati | Identified the Grimoire of Stones
 53008 | Desolati | Received a gift from Okawaru
 53241 | Desolati | Got a faintly glowing platinum ring
 53315 | Desolati | Identified the ring of Eternal Harmony {*Tele rF+ rN+
                  | Int+2} (You found it in the Desolation of Salt)
 53603 | Desolati | Identified the +3 plate armour "Nabbyex" {rElec rCorr
                  | Dex-4} (You found it in the Desolation of Salt)
 53671 | Vaults:4 | Identified the ring of Umoukoroo {rF+ MR+ Stlth+} (You
                  | found it on level 4 of the Vaults)
 54067 | Vaults:4 | Received a gift from Okawaru
 54432 | Vaults:4 | Found Duchuif's Jewellery Emporium.
 54482 | Vaults:4 | Received a gift from Okawaru
 54835 | Vaults:4 | Received a gift from Okawaru
 55506 | Vaults:5 | Entered Level 5 of the Vaults
 55539 | Vaults:4 | Received a gift from Okawaru
 55861 | Vaults:4 | Reached skill level 10 in Shields
 56112 | Vaults:4 | Reached skill level 24 in Fighting
 56135 | Vaults:4 | Reached XP level 25. HP: 74/200 MP: 33/33
 58280 | Vaults:4 | HP: 10/200 [frost giant/bolt of cold (44)]
 58282 | Vaults:4 | Killed from afar by a frost giant

Illustrated notes

Levels and vault maps discovered:
D:1:      dpeg_arrival_round_a, layout_basic
D:2:      layout_rooms, lemuel_crystal_altar
D:3:      layout_rooms, nicolae_overflow_crystal_walls
D:4:      layout_cave_pools, old_standard_altar, hangedman_feature_mirror,
          kennysheep_doodads, minivault_1, nemelex_xobeh_ov_fountains_minmay,
          uniq_menkaure
D:5:      layout_loops_ring, serial_shops, kennysheep_mini_moat, uniq_pikel
D:6:      layout_rooms, temple_hall, minmay_ruffians, uniq_grinder
D:7:      layout_basic, amethyst_overflow_temple_binary
D:8:      minmay_recursive_quarters, layout_basic, demons_altar,
          serial_co_window_serial, co_window_paths_b, co_window_paths_b,
          co_window_corner_a, co_window_corner_a, co_window_of_opportunity_a,
          co_window_unsneaky_path_c, co_window_corner_b, co_window_corner_b,
          co_window_corner_cb, glass_columns_a, glass_columns_a,
          glass_columns_b, abandoned_shop, minmay_statues_item,
          kennysheep_nondescript, hex_tiny, hangedman_decor_push
D:9:      minmay_the_grid_triangle_9x9_recursive_2_mashed
          [minmay_the_grid_triangle_9x9_prize_schism,
          minmay_the_grid_triangle_9x9_odd_lines,
          minmay_the_grid_triangle_9x9_alien,
          minmay_the_grid_triangle_9x9_sparse_checkered], layout_long_grid,
          dpeg_lair_monsters, serial_shops, shop
D:10:     layout_basic, serial_shops, shop, kennysheep_generic_room_8
D:11:     layout_gridville, uniq_grum
D:12:     layout_long_grid, minmay_orc_entry_temple_small, grunt_ogre_cave,
          lightli_wizard_tower, uniq_kirke
D:13:     layout_irregular_city, drop_trap
D:14:     minmay_s_stair_smasher, layout_irregular_city,
          hangedman_vaults_entry_quadrant_bands, serial_shops,
          nicolae_shop_statue_plus, serial_rivers,
          chequers_serial_rivers_micro_a, chequers_serial_rivers_small_a,
          chequers_serial_rivers_small_3, chequers_serial_rivers_micro_e,
          chequers_serial_rivers_small_a, kennysheep_generic_room_13
D:15:     grunt_enter_depths_giant_problem, layout_basic, minivault_11,
          minmay_guarded_unrand_variability, uniq_rupert, uniq_roxanne,
          uniq_agnes
Temple:   eino_temple_scatter_basement
Lair:1:   layout_roguey, lemuel_old_faithful
Lair:2:   layout_chaotic_city, minmay_shoals_entry_centaurs, grunt_megastairs_4
Lair:3:   layout_chaotic_city, chequers_serial_rivers_room_b, pf_torpor_hydra,
          infiniplex_staircase_pool, uniq_gastronok
Lair:4:   dragon1_lemuel, layout_gridlike, minmay_snake_entry_six_corridors,
          st_stairs_9
Lair:5:   layout_regular_city, nicolae_volcano_entry_batcave,
          beast_lair_carwin_6, uniq_snorg
Lair:6:   due_jungle_book, layout_regular_city, minmay_slime_entry_jelly_boxes,
          grunt_forest_large_clearings
Shoals:1: layout_shoals
Shoals:2: argonaut_golden_fleece, layout_shoals, uniq_polyphemus, uniq_ilsuiw
Shoals:3: layout_shoals, serial_shops, nicolae_shop_overgrown_old_shop
Shoals:4: shoals_end_hangedman, layout_shoals, shoal_ilsuiw
Snake:1:  layout_basic, minmay_shop_star
Snake:2:  layout_onion, serial_bayou_pond_c, st_stairs_10
Snake:3:  layout_cave_town, st_stairs_3, serial_bayou_crossing
Snake:4:  grunt_snake_rune_spirals, layout_onion_interference, serial_shops,
          shop, lemuel_fruit_tree, uniq_aizul
Orc:1:    layout_caves, nicolae_orc_stony_grotto, nicolae_orc_flooded_monolith
Orc:2:    grunt_orc_cross, layout_caves
Elf:1:    eino_elf_arrival_altar, layout_rooms, orc_legates, minmay_shop_grove
Elf:2:    layout_geoelf_diagonals, special_room [special_room_orc]
Elf:3:    minmay_elf_hall_curves, layout_geoelf_grid,
          gammafunk_ghost_abyssal_escape, infiniplex_enter_wizlab_spiral
Vaults:1: hangedman_vaults_restitches, vaults_mumra_lcd,
          nicolae_vaults_circle_grid_a, vaults_mumra_hexcomb, v_pattern_4,
          v_misc_30, nicolae_vaults_three_branches,
          nicolae_vaults_bisected_exclaves, ontoclasm_vaults_shuriken,
          vaults_dpeg_ring, ontoclasm_vaults_twist, layout_vaults_omnibox
Vaults:2: ontoclasm_vaults_fault, v_alt_pattern_6, vaults_room_semicircle,
          ontoclasm_vaults_gateway, v_misc_10, hangedman_vaults_trim, v_misc_17,
          hangedman_vaults_slice, ontoclasm_vaults_spin, vaults_room_pools,
          layout_vaults_omnigrid, serial_shops, shop
Vaults:4: hangedman_vaults_corner_blocks, vaults_room_fours, vaults_mumra_hex,
          vaults_room_fours, nicolae_vaults_hallways_thing,
          nicolae_vaults_asterisk, v_misc_28, ontoclasm_vaults_decontamination,
          v_misc_18, st_smaller_cells, v_misc_23, vaults_mumra_chevron,
          v_misc_14, hangedman_vaults_cutoff, layout_vaults_maze,
          portal_desolation_entry_salt, serial_shops, nicolae_shop_stone
Vaults:5: uniq_margery

Skill      XL: |  1  2  3  4  5  6  7  8  9 10 11 12 13 14 15 16 17 18 19 20 21 22 23 24 |
---------------+-------------------------------------------------------------------------+-----
Slings         | 6 7 8 9 10 11 13 14 15 17 19 20 21 22 | 22.0
Fighting       | 2 3 4 5 7 8 10 11 13 14 15 16 18 19 20 21 22 23 24 | 24.1
Armour         | 1 2 3 4 6 7 8 9 10 11 12 13 14 | 14.8
Stealth        | 2 3 4 |  4.6
Dodging        | 3 4 5 6 7 8 9 10 11 12 13 | 13.8
Invocations    | 1 3 5 6 8 9 10 11 12 13 14 | 14.7
Staves         | 1 |  1.5
Evocations     | 1 |  1.9
Polearms       | 1 |  1.5
Shields        | 1 5 8 10 | 10.7

Action                   |  1- 3 |  4- 6 |  7- 9 | 10-12 | 13-15 | 16-18 | 19-21 | 22-24 | 25-27 || total
-------------------------+-------+-------+-------+-------+-------+-------+-------+-------+-------++-------
Melee: Whip              |       |       |       |     7 |       |       |       |       |       ||     7
       Lajatang          |       |       |       |       |    20 |       |       |       |       ||    20
       Unarmed           |       |       |       |       |       |     1 |       |       |       ||     1
       Spear             |       |       |       |       |       |       |    19 |    10 |       ||    29
       Hunting sling     |       |       |       |       |       |       |       |    28 |       ||    28
 Fire: Hunting sling     |    70 |   110 |   292 |  1098 |  1918 |  1782 |   775 |  2895 |   350 ||  9290
       Fustibalus        |       |       |       |       |       |   421 |  1124 |       |       ||  1545
Invok: Heroism           |       |       |       |     8 |    29 |     7 |    19 |    13 |     7 ||    83
       Finesse           |       |       |       |       |     2 |     5 |     6 |    10 |     2 ||    25
Evoke: Wand              |       |       |       |     5 |     4 |       |    19 |       |       ||    28
       Phantom mirror    |       |       |       |       |       |     1 |       |       |       ||     1
  Use: Scroll            |       |       |     1 |    11 |    13 |    12 |    12 |    18 |       ||    67
       Potion            |       |       |       |    10 |     6 |     2 |    16 |     6 |     1 ||    41
Armor: Leather armour    |     2 |     3 |     9 |    36 |    38 |       |       |       |       ||    88
       Troll leather arm |       |       |       |       |    18 |       |       |       |       ||    18
       Chain mail        |       |       |       |       |   255 |     7 |       |       |       ||   262
       Scale mail        |       |       |       |       |       |   209 |   240 |   203 |       ||   652
       Plate armour      |       |       |       |       |       |       |       |    97 |    62 ||   159
Dodge: Dodged            |     7 |    16 |    76 |   289 |   757 |   493 |   573 |   589 |    97 ||  2897
       Repelled          |       |       |       |       |       |       |       |    11 |     5 ||    16
Block: Other             |       |       |       |       |       |       |   123 |       |       ||   123
       Reflection        |       |       |       |       |       |       |    19 |   140 |    30 ||   189
       Kite shield       |       |       |       |       |       |       |    89 |  1400 |   258 ||  1747
       Rpst.: Hunting sling |       |       |       |       |       |       |       |   121 |    16 ||   137

Table legend: (Time is in decaauts)
 A = Elapsed time spent in this place.
 B = Non-inter-level travel time spent in this place.
 C = Inter-level travel time spent in this place.
 D = Time resting spent in this place.
 E = Time spent auto-exploring this place.
 F = Levels seen in this place.
 G = Mean time per level.
                   A        B        C        D        E       F      G
               +--------+--------+--------+--------+--------+-----+--------+
         Total |  54541 |  51119 |   3422 |   4761 |  34344 |  42 | 1298.6 |
       Dungeon |  15576 |  13926 |   1650 |    358 |  10602 |  15 | 1038.4 |
        Temple |    195 |    182 |     13 |      0 |    156 |   1 |  195.0 |
          Lair |   8210 |   7515 |    695 |    258 |   5756 |   6 | 1368.3 |
        Shoals |   6024 |   5892 |    132 |   1321 |   3393 |   4 | 1506.0 |
     Snake Pit |   6400 |   6232 |    168 |    773 |   3803 |   4 | 1600.0 |
  Orcish Mines |   1805 |   1569 |    236 |    129 |    999 |   2 |  902.5 |
   Elven Halls |   5967 |   5579 |    388 |   1359 |   2746 |   3 | 1989.0 |
        Vaults |   7757 |   7620 |    137 |    157 |   5584 |   4 | 1939.2 |
       Volcano |    314 |    314 |      0 |     16 |    153 |   1 |  314.0 |
        Wizlab |    225 |    225 |      0 |      0 |    172 |   1 |  225.0 |
    Desolation |   2065 |   2065 |      0 |    388 |    978 |   1 | 2065.0 |
               +--------+--------+--------+--------+--------+-----+--------+

Top non-repeatable levels by time:
Vaults:4: 4492 daAuts
 Snake:4: 3020 daAuts
   Elf:1: 2156 daAuts
  Lair:6: 2138 daAuts
   Elf:3: 2116 daAuts
Desolation: 2065 daAuts
Shoals:4: 1953 daAuts
   Elf:2: 1694 daAuts
Vaults:1: 1664 daAuts
  Lair:4: 1641 daAuts
    D:12: 1556 daAuts
Vaults:2: 1502 daAuts
     D:8: 1472 daAuts
Shoals:2: 1446 daAuts
 Snake:3: 1421 daAuts
